 Dungeon Sprint DCSS version 0.32-a0-473-gd044c6f0f0 (webtiles) character file.

Game seed: 7509436529159938475

837 rocky1 the Carver (level 7, -1/59 HPs)
             Began as a Coglin Gladiator on Feb 26, 2024.
             Was a Believer of Okawaru.
             Killed from afar by an acid dragon (22 damage)
             ... with a splash of acid
             ... in the Dungeon (Sprint VII: "The Pits").
             The game lasted 00:02:44 (1121 turns).

rocky1 the Carver (Coglin Gladiator)                Turns: 1121, Time: 00:02:44

Health: -1/59      AC:  0    Str: 14    XL:     7   Next: 99%
Magic:  9/9        EV: 17    Int:  7    God:    Okawaru [**....]
Gold:   0          SH:  0    Dex: 18    Spells: 6/6 levels left

rFire   . . .        p - +1 long sword (flame) {Suni}
rCold   . . .        o - +2 falchion {Esteban}
rNeg    . . .        b - +0 leather armour
rPois   .            c - +0 helmet
rElec   .            (no cloak)
rCorr   .            (no gloves)
SInv    .            (no boots)
Will    .....        (no amulet)
Stlth   +            (ring unavailable)
HPRegen 0.29/turn    (ring unavailable)
MPRegen 0.11/turn

%: no teleportation
@: corroded, revved
A: off-hand wielding, slow wielding, warmup strikes, no rings
a: Renounce Religion, Heroism


You were in the Dungeon.
You worshipped Okawaru.
Okawaru was pleased with you.
You visited 1 branch

Inventory:

Hand Weapons
 a - a +0 long sword {Fumito}
 o - a +2 falchion (offhand) {Esteban}
 p - a +1 long sword of flaming (weapon) {Suni}
Missiles
 d - 3 throwing nets (quivered)
 e - a javelin
Armour
 b - a +0 leather armour (worn)
 c - a +0 helmet (worn)
Scrolls
 k - a scroll of blinking
 m - 2 scrolls of vulnerability
 n - 5 scrolls of amnesia
Potions
 f - 6 potions of curing
 g - 5 potions of heal wounds
 h - a potion of haste
 i - 4 potions of magic
 j - 3 potions of berserk rage
 l - 2 potions of invisibility


   Skills:
 + Level 6.4 Fighting
 + Level 11.3 Long Blades
 - Level 2.1 Throwing
 + Level 4.5 Armour
 + Level 8.7 Dodging
 * Level 3.5 Invocations


You had 6 spell levels left.
You didn't know any spells.
Your spell library was empty.

Dungeon Overview and Level Annotations

Branches:
Dungeon (1/1)

Altars:
Ashenzari
Cheibriados
Dithmenos
Elyvilon
Fedhas
Gozag
Hepliaklqana
Kikubaaqudgha
Makhleb
Nemelex Xobeh
Okawaru
Qazlal
Ru
Sif Muna
Trog
Uskayaw
Vehumet
Wu Jian
Xom
Yredelemnul
Zin
The Shining One
Beogh
Jiyva
Lugonu


Innate Abilities, Weirdness & Mutations

You can wield a second weapon in your off-hand.
It takes a long time for you to wield or remove held weapons.
Your first few attacks do less damage.
Your grasper-arms cannot wear rings.


Message History

The phantom barely misses you.
You hit the phantom but do no damage.
The phantom is severely damaged.
You closely miss the phantom with your +1 long sword of flaming.
The phantom hits you.
You slash the phantom with your +2 falchion!
You destroy the phantom!
Okawaru accepts your kill. The acid dragon spits acid at you.
The splash of acid misses you.
You hit the quokka with your +1 long sword of flaming.
You burn the quokka.
You kill the quokka!
Okawaru accepts your kill. The acid dragon closely misses you.
The acid dragon claws you but does no damage.
There is an open door here.
You see here a quokka corpse.
You hit the acid dragon with your +2 falchion.
The acid dragon is lightly wounded.
You slash the acid dragon with your +1 long sword of flaming!
You burn the acid dragon. The acid dragon spits acid at you.
The splash of acid hits you! The acid corrodes you!
You slash the acid dragon with your +1 long sword of flaming!
You burn the acid dragon.
The acid dragon is severely wounded.
You hit the acid dragon with your +2 falchion.
The acid dragon bites you. The acid dragon completely misses you.
You hit the acid dragon with your +1 long sword of flaming.
You burn the acid dragon.
The acid dragon is almost dead.
You closely miss the acid dragon with your +2 falchion.
The acid dragon bites you! The acid dragon misses you.
You closely miss the acid dragon with your +1 long sword of flaming.
The acid dragon is almost dead.
You hit the acid dragon but do no damage.
The acid dragon spits acid at you. The splash of acid hits you!!
You die...

#.#..########...<...#
#.#..'[.)).##.......#
#.#..#[))).##.......#
#'###########.......#
#.......#.. #########
#...#...#.######
#...#...#)#....#
#.##.##.#)#....#
#...#...#.@D...+
#...#...#'#....#
#.......รท.#....#
################


You could see an acid dragon (catching breath).

Vanquished Creatures
  A water moccasin (D)
  An orc warrior (D)
  A swamp drake (D)
  An ice beast (D)
  A sky beast (D)
  A black bear (D)
  A phantom (D)
  A bullfrog (D)
  A scorpion (D)
  A jelly (D)
  An orc wizard (D)
  A river rat (D)
  An ufetubus (D)
  A ribbon worm (D)
  A ball python (D)
  A bat zombie (D)
  A hobgoblin (D)
  A kobold (D)
  A quokka (D)
  A bat (D)
  A frilled lizard (D)
  2 rats (D)
23 creatures vanquished.

Notes
Turn   | Place    | Note
-------+----------+-------------------------------------------
     0 | D        | rocky1 the Coglin Gladiator began the quest for the Orb.
     0 | D        | Reached XP level 1. HP: 16/16 MP: 1/1
    18 | D        | Found a bloodstained altar of Trog.
    18 | D        | Found a shimmering blue altar of Sif Muna.
    18 | D        | Found a viscous altar of Jiyva.
    18 | D        | Found a hazy altar of Hepliaklqana.
    18 | D        | Found an opulent altar of Gozag.
    19 | D        | Found a glowing golden altar of the Shining One.
    19 | D        | Found a glowing silver altar of Zin.
    19 | D        | Found a basalt altar of Yredelemnul.
    19 | D        | Found a shimmering altar of Xom.
    19 | D        | Found an ornate altar of the Wu Jian Council.
    19 | D        | Found a sacrificial altar of Ru.
    19 | D        | Found a stormy altar of Qazlal.
    19 | D        | Found an iron altar of Okawaru.
    19 | D        | Found a sparkling altar of Nemelex Xobeh.
    19 | D        | Found a burning altar of Makhleb.
    19 | D        | Found a blossoming altar of Fedhas.
    19 | D        | Found a white marble altar of Elyvilon.
    19 | D        | Found a shadowy altar of Dithmenos.
    19 | D        | Found a snail-covered altar of Cheibriados.
    22 | D        | Found a corrupted altar of Lugonu.
    22 | D        | Found a radiant altar of Vehumet.
    22 | D        | Found a roughly hewn altar of Beogh.
    23 | D        | Found an ancient bone altar of Kikubaaqudgha.
    23 | D        | Found a hide-covered altar of Uskayaw.
    23 | D        | Found a broken altar of Ashenzari.
    37 | D        | Became a worshipper of Warmaster Okawaru
    97 | D        | Reached skill level 4 in Long Blades
    97 | D        | Reached XP level 2. HP: 15/23 MP: 2/2
   335 | D        | Noticed a bullfrog
   342 | D        | Killed a bullfrog
   343 | D        | Reached skill level 6 in Long Blades
   343 | D        | Reached skill level 1 in Armour
   343 | D        | Reached skill level 5 in Dodging
   343 | D        | Reached XP level 3. HP: 16/29 MP: 3/3
   343 | D        | Reached XP level 4. HP: 19/35 MP: 4/4
   696 | D        | Noticed a sky beast
   697 | D        | Noticed an ice beast
   704 | D        | Killed a sky beast
   705 | D        | Reached skill level 7 in Long Blades
   705 | D        | Reached XP level 5. HP: 42/42 MP: 5/5
   707 | D        | Killed an ice beast
   707 | D        | Reached * piety under Okawaru
   708 | D        | Reached skill level 8 in Long Blades
   708 | D        | Reached XP level 6. HP: 50/50 MP: 6/6
   712 | D        | Noticed a black bear
   721 | D        | Killed a black bear
   722 | D        | Reached skill level 5 in Fighting
   722 | D        | Reached skill level 9 in Long Blades
   743 | D        | Noticed a water moccasin
   746 | D        | Killed a water moccasin
   747 | D        | Reached skill level 10 in Long Blades
   747 | D        | Reached skill level 1 in Invocations
   747 | D        | Reached XP level 7. HP: 56/56 MP: 6/8
   987 | D        | Reached ** piety under Okawaru
   993 | D        | Reached skill level 11 in Long Blades
  1121 | D        | Killed from afar by an acid dragon

Illustrated notes

Levels and vault maps discovered:
D:        pitsprint [storerooms_1, entrance_room_1, metal_vault_2, armoury_1,
          mini_pit_1, grid_room_1, main_hall_1, silver_pit, the_coven_1,
          the_vestibule_1, steel_vault_5, golden_pit, hallway_of_sentries,
          crystal_vault_5, iron_vault_3, final_vault]

Skill      XL: |  1  2  3  4  5  6  7 |
---------------+----------------------+-----
Dodging        | 3 5 6 7 8 |  8.7
Long Blades    | 4 6 7 8 10 11 | 11.3
Throwing       | 2 |  2.1
Fighting       | 3 4 5 6 |  6.4
Armour         | 1 2 3 4 |  4.5
Invocations    | 1 3 |  3.5

Action                     |  1- 3 |  4- 6 |  7- 9 || total
---------------------------+-------+-------+-------++-------
  Melee: Long sword        |     8 |    20 |    25 ||    53
         Falchion          |     8 |    18 |    23 ||    49
    Use: Potion            |     1 |       |       ||     1
   Stab: Sleeping          |       |       |     1 ||     1
 Armour: Leather armour    |    15 |     9 |     8 ||    32
  Dodge: Dodged            |    21 |    19 |    16 ||    56

Table legend: (Time is in decaauts)
 A = Elapsed time spent in this place.
 B = Non-inter-level travel time spent in this place.
 C = Inter-level travel time spent in this place.
 D = Time resting spent in this place.
 E = Time spent auto-exploring this place.
 F = Levels seen in this place.
 G = Mean time per level.
                   A        B        C        D        E       F      G
               +--------+--------+--------+--------+--------+-----+--------+
         Total |   1115 |   1096 |     19 |    838 |      0 |   1 | 1115.0 |
       Dungeon |   1115 |   1096 |     19 |    838 |      0 |   1 | 1115.0 |
               +--------+--------+--------+--------+--------+-----+--------+

Top non-repeatable levels by time:
       D: 1115 daAuts
